 Dungeon Crawl Stone Soup version 0.21-a0-140-g479285b (webtiles) character file.

196 tsouns the Skirmisher (level 5, -1/49 HPs)
             Began as a Gnoll Wanderer on July 19, 2017.
             Slain by a water moccasin (8 damage)
             ... on level 4 of the Dungeon.
             The game lasted 00:07:37 (2821 turns).

tsouns the Skirmisher (Gnoll Wanderer)              Turns: 2821, Time: 00:07:38

Health: -1/49      AC:  8    Str:  7    XL:     5   Next: 74%
Magic:  5/5        EV:  7    Int:  7    God:
Gold:   222        SH:  0    Dex:  7    Spells: 1/4 levels left

rFire    . . .     SeeInvis .   d - +0 hand crossbow
rCold    . . .     Gourm    .   (no shield)
rNeg     . . .     Faith    .   a - +2 scale mail
rPois    .         Spirit   .   (no helmet)
rElec    .         Reflect  .   (no cloak)
rCorr    .         Harm     .   (no gloves)
MR       .....                  (no boots)
Stlth    ..........             (no amulet)
HPRegen  0.16/turn              (no ring)
MPRegen  0.09/turn              (no ring)

@: confused, mighty, lethally poisoned (-1 -> -13), about to teleport, flying
A: unchanging attributes, fangs 1, strong nose
a: no special abilities


You were on level 4 of the Dungeon.
You were hungry.

You visited 1 branch of the dungeon, and saw 4 of its levels.

You collected 222 gold pieces.

Inventory:

Hand Weapons
 b - a +0 shortbow
 d - a +0 hand crossbow (weapon)
 g - a +0 blowgun
 p - a +0 hunting sling
Missiles
 c - 27 arrows
 e - 28 bolts (quivered)
 h - 148 stones
 j - 8 poisoned needles
 k - 7 steel javelins
 s - 7 curare-tipped needles
 t - 7 sling bullets
 u - 10 tomahawks
Armour
 a - a +2 scale mail (worn)
Scrolls
 i - a scroll of recharging
 l - 3 scrolls of teleportation
 v - 2 scrolls of remove curse
Potions
 m - 2 potions of brilliance
 n - 3 potions of mutation
 x - a potion of magic
Comestibles
 f - 3 bread rations
 q - a meat ration


   Skills:
 - Level 7.9 Fighting
 + Level 1.8(2.3) Slings
 + Level 4.0 Bows
 * Level 4.9 Crossbows
 + Level 2.2(2.6) Throwing
 - Level 1.3 Armour
 - Level 1.2 Stealth


You had one spell level left.
You knew the following spells:

 Your Spells              Type           Power        Failure   Level  Hunger
a - Confuse               Hex            #.......     100%        3    ####...


Dungeon Overview and Level Annotations

Branches:
Dungeon (4/15)
 Temple: D:4-7

Altars:
Elyvilon
Nemelex Xobeh


Innate Abilities, Weirdness & Mutations

Your physical attributes are unchanging.
You have very sharp teeth.
Your uncanny sense of smell can sniff out nearby items.


Message History

* * * LOW HITPOINT WARNING * * *
You feel sick.
The water moccasin struggles against the net.
* * * LOW HITPOINT WARNING * * *
You feel sick.
The water moccasin struggles against the net.
Unknown command.
Okay, then.
As you read the scroll of teleportation, it crumbles to dust.
You feel strangely unstable.
* * * LOW HITPOINT WARNING * * *
You feel sick.
The water moccasin struggles against the net.
The net rips apart, and the water moccasin comes free!
Unknown command.
You are confused.
You feel invigorated.
* * * LOW HITPOINT WARNING * * *
You feel sick. The water moccasin bites you!
You die...

.#. .......(# ...
........# #.#
#............#
....#........S...#
##.#.#..... #.# .#.#
.....# #(#
##.###.#..# #S#
.......#..#######S###
.#.#............@...#
...#####............#
.#.#......#####.....#
.........### #.....#
......#....# #######
.#.#.#####....#
.#..... ###.# .#...#.
# .....##.


You could see a water moccasin and an adder.

Vanquished Creatures
  A scorpion (D:4)
  2 worker ants (D:4)
  An adder (D:2)
  An adder skeleton (D:4)
  4 dart slugs
  A worm (D:2)
  3 leopard geckos
  An orc (D:3)
  A ball python (D:1)
  9 giant cockroaches
  6 goblins
  8 hobgoblins
  4 jackals (D:1)
  A quokka (D:2)
  7 bats
  8 frilled lizards
  6 kobolds
  8 rats
72 creatures vanquished.

Notes
Turn   | Place    | Note
-------+----------+-------------------------------------------
     0 | D:1      | tsouns the Gnoll Wanderer began the quest for the Orb.
     0 | D:1      | tsouns set off with: a +2 scale mail, a +0 shortbow, 27 arrows, a +0 hand crossbow, 28 bolts, a bread ration
     0 | D:1      | Reached XP level 1. HP: 25/25 MP: 1/1
    48 | D:1      | Reached skill level 1 in Bows
   105 | D:1      | Reached XP level 2. HP: 32/32 MP: 2/2
   333 | D:1      | Reached XP level 3. HP: 37/37 MP: 3/3
   872 | D:2      | Reached XP level 4. HP: 44/44 MP: 4/4
  1864 | D:3      | Found a white marble altar of Elyvilon.
  2073 | D:3      | Learned a level 3 spell: Confuse
  2283 | D:3      | Found a sparkling altar of Nemelex Xobeh.
  2406 | D:4      | Reached XP level 5. HP: 27/49 MP: 5/5
  2699 | D:4      | Reached skill level 1 in Slings
  2803 | D:4      | Noticed a water moccasin
  2821 | D:4      | Slain by a water moccasin

Vault maps used:
D:1:      roderic_chinese_lattice_arrival, minmay_unequal
D:3:      lemuel_round_altar, lemuel_doored_altar, first_bread
D:4:      minmay_misc_feat_roman

Skill      XL: |  1  2  3  4  5 |
---------------+----------------+-----
Bows           | 1 2 3 4 |  4.0
Crossbows      | 2 3 4 |  4.9
Slings         | 1 |  1.8
Throwing       | 2 |  2.2
Fighting       | |  7.9
Armour         | |  1.3
Stealth        | |  1.2

Action                   |  1- 3 |  4- 6 || total
-------------------------+-------+-------++-------
 Fire: Hand crossbow     |   120 |    47 ||   167
       Hunting sling     |       |    99 ||    99
Throw: Throwing net      |       |     1 ||     1
  Use: Scroll            |       |    10 ||    10
       Potion            |       |     3 ||     3
  Eat: Chunk             |       |     5 ||     5
Armor: Scale mail        |    58 |    55 ||   113
Dodge: Dodged            |    29 |    43 ||    72
